 Dungeon Crawl Stone Soup version 0.26-a0-30-g56b8cd3df0 (webtiles) character file.

Game seed: 18399278932429273062, levelgen mode: deterministic

46 MisterFreud the Sneak (level 3, -3/24 HPs)
             Began as a Vampire Enchanter on June 1, 2020.
             Slain by Crazy Yiuf
             ... wielding a +3 quarterstaff of chaos
              (4 damage)
             ... on level 2 of the Dungeon.
             The game lasted 00:03:42 (2040 turns).

MisterFreud the Sneak (Vampire Enchanter)           Turns: 2040, Time: 00:03:45

Health: -3/24      AC:  2    Str:  7    XL:     3   Next: 46%
Magic:  6/6        EV: 12    Int: 18    God:
Gold:   123        SH:  5    Dex: 14    Spells: 3/6 levels left

rFire    . . .     SeeInvis +   a - +1 dagger
rCold    . . .     Gourm    .   (no shield)
rNeg     . . .     Faith    .   b - +0 robe
rPois    .         Spirit   .   (no helmet)
rElec    .         Reflect  +   (no cloak)
rCorr    .         Harm     .   (no gloves)
MR       .....                  (no boots)
Stlth    ++++......             d - amulet of reflection
HPRegen  0.28/turn              k - ring of stealth
MPRegen  0.10/turn              (no ring)

@: regenerating quickly
A: no food, fangs 3, see invisible, unbreathing
a: Exsanguinate


You were on level 2 of the Dungeon.
You were alive.

You visited 1 branch of the dungeon, and saw 2 of its levels.

You collected 123 gold pieces.

Inventory:

Hand Weapons
 a - a +1 dagger (weapon)
Armour
 b - a +0 robe (worn)
 j - a +0 buckler
Jewellery
 d - an amulet of reflection (around neck)
 k - a ring of stealth (left hand)
Scrolls
 c - 2 scrolls of magic mapping
 n - a scroll of identify {unknown}
Potions
 e - 2 potions of mutation {unknown}
 f - 2 potions of might {unknown}
 g - a potion of heal wounds {unknown}
 h - a potion of flight {unknown}
 i - a potion of lignification {unknown}
 l - a potion of haste {unknown}
 m - a potion of curing {unknown}


   Skills:
 + Level 2.7 Short Blades
 - Level 2.1 Dodging
 + Level 5.8 Stealth
 - Level 2.0 Spellcasting
 - Level 4.4 Hexes


You had 3 spell levels left.
You knew the following spells:

 Your Spells              Type           Power        Failure   Level  Hunger
a - Corona                Hex            ###....      3%          1    N/A
b - Ensorcelled Hibernat  Hex/Ice        #.....       11%         2    N/A

Your spell library contained the following spells:

 Spells                   Type           Power        Failure   Level  Hunger
 Slow                     Hex            ###.....     4%          2    N/A
 Confusing Touch          Hex            ###.....     9%          3    N/A
 Tukima's Dance           Hex            ###.....     9%          3    N/A
 Magic Dart               Conj           #...         19%         1    N/A
 Dazzling Flash           Conj/Hex       #.....       22%         3    N/A
 Blink                    Tloc           N/A          26%         2    N/A
 Call Imp                 Summ           #.......     26%         2    N/A
 Conjure Flame            Conj/Fire      #.......     47%         3    N/A
 Mephitic Cloud           Conj/Pois/Air  #.......     47%         3    N/A

Dungeon Overview and Level Annotations

Branches:
Dungeon (2/15)

Altars:
Okawaru

Annotations:
D:2 Crazy Yiuf


Innate Abilities, Weirdness & Mutations

You do not eat.
Your natural rate of healing is unusually fast.
You have razor-sharp teeth.
You have supernaturally acute eyesight. (SInv)
You can survive without breathing.


Message History

Crazy Yiuf cries, "Hah alas testudinal!"
Crazy Yiuf grits, "Whippet pontify pontify!"
There is a stone staircase leading up here.
Crazy Yiuf grits, "Adder!
Race bush cloud."
You climb upwards.
There is a stone staircase leading down here.
You start resting.
Your magical contamination has completely faded away.
You start resting.
HP restored.
You start resting.
Magic restored.
You climb downwards.
Level annotation: Crazy Yiuf Crazy Yiuf hits you with a +3 quarterstaff of chaos!
Ouch! That really hurt!
Crazy Yiuf hits you with a +3 quarterstaff of chaos!
* * * LOW HITPOINT WARNING * * *
Crazy Yiuf freezes you.
You die...

..#.##..#
.#.#.#.##
######.###########
# #..†........# #
###########.# #.#
#.# #g# #@#
##########.#
##..........#
######...###...###
#.......## #....#
#.####..# #....#
#.# ##.# #PP#.#
#.# #.# ##PP.# #.#
#.# ##.##


You could see Crazy Yiuf.

Vanquished Creatures
  An adder (D:2)
  A dart slug (D:1)
  4 leopard geckos
  A giant cockroach (D:1)
  3 goblins
  6 hobgoblins
  A ball python (D:2)
  2 bats
  2 frilled lizards (D:2)
  4 kobolds
  6 rats
  A fungus (D:2)
32 creatures vanquished.

Notes
Turn   | Place    | Note
-------+----------+-------------------------------------------
     0 | D:1      | MisterFreud the Vampire Enchanter began the quest for the
                  | Orb.
     0 | D:1      | Reached XP level 1. HP: 13/13 MP: 3/3
   291 | D:1      | Reached skill level 5 in Stealth
   291 | D:1      | Reached XP level 2. HP: 16/19 MP: 3/5
  1033 | D:1      | Learned a level 2 spell: Ensorcelled Hibernation
  1264 | D:2      | Reached XP level 3. HP: 13/24 MP: 0/6
  1323 | D:2      | Found an iron altar of Okawaru.
  1972 | D:2      | Found a runed translucent door.
  1973 | D:2      | Noticed Crazy Yiuf
  2040 | D:2      | HP: 1/24 [Crazy Yiuf/+3 quarterstaff of chaos (10)]
  2040 | D:2      | Slain by Crazy Yiuf

Illustrated notes

Levels and vault maps discovered:
D:1:      mushboom_english_gardens, layout_basic
D:2:      minmay_diamond_boxcup, layout_loops_ring, okawaru_ov_weapons_minmay,
          uniq_crazy_yiuf_cottage

Skill      XL: |  1  2 |
---------------+-------+-----
Stealth        | 5 |  5.8
Short Blades   | 2 |  2.7
Dodging        | |  2.1
Spellcasting   | |  2.0
Hexes          | |  4.4

Action                   || total
-------------------------++-------
Melee: Dagger            ||   116
       Bite              ||    10
 Cast: Corona            ||     8
       Ensorcelled Hiber ||     4
  Use: Scroll            ||     3
 Stab: Sleeping          ||    12
Armor: Robe              ||     9
Dodge: Dodged            ||    47
Block: Other             ||    11

Table legend:
 A = Non-vault XP
 B = Vault XP
 C = Vault XP percentage of total XP
 D = Non-vault monster count
 E = Vault monster count
 F = Vault count percentage of total count
                 A         B        C        D         E       F
            +---------+---------+-------+---------+---------+-------
      Total |      61 |       6 |   9.0 |      26 |       5 |  16.1
            +---------+---------+-------+---------+---------+-------
        D:1 |      32 |       0 |   0.0 |      15 |       0 |   0.0
        D:2 |      29 |       6 |  17.1 |      11 |       5 |  31.2
            +---------+---------+-------+---------+---------+-------
